 Dungeon Crawl Stone Soup version 0.26.1-11-gd32895ea62 (webtiles) character file.

Game seed: 11463221677849652303

127 ohmysez the Digger (level 5, 0/37 HPs)
             Began as a Gnoll Earth Elementalist on Apr 27, 2021.
             Slain by Grinder (11 damage)
             ... on level 3 of the Dungeon.
             The game lasted 00:12:32 (1787 turns).

ohmysez the Digger (Gnoll Earth Elementalist)       Turns: 1787, Time: 00:12:33

Health: 0/37       AC:  3    Str: 10    XL:     5   Next: 11%
Magic:  6/12       EV: 15    Int: 19    God:
Gold:   101        SH:  0    Dex: 15    Spells: 11/14 levels left

rFire    . . .     SeeInvis .   i - +0 club
rCold    . . .     Faith    .   (no shield)
rNeg     . . .     Spirit   .   c - +1 robe
rPois    .         Reflect  .   (no helmet)
rElec    .         Harm     .   (no cloak)
rCorr    .         Rampage  .   (no gloves)
Will     .....                  (no boots)
Stlth    +++.......             (no amulet)
HPRegen  0.12/turn              (no ring)
MPRegen  0.13/turn              (no ring)

@: no status effects
A: distributed training, fangs 1, strong nose
a: no special abilities


You were on level 3 of the Dungeon.
You visited 1 branch of the dungeon, and saw 3 of its levels.

You collected 101 gold pieces.

Inventory:

Hand Weapons
 i - a +0 club (weapon)
Missiles
 b - 24 stones
 d - 18 poisoned darts
Armour
 c - a +1 robe (worn)
Jewellery
 l - an uncursed ring of resist corrosion {unknown}
Scrolls
 h - a scroll of enchant armour
 j - 2 scrolls of immolation
 n - a scroll of teleportation {unknown}
Potions
 a - 3 potions of curing {unknown}
 e - a potion of resistance
 f - a potion of heal wounds {unknown}
 g - a potion of flight {unknown}
 m - 2 potions of might {unknown}
 o - a potion of lignification {unknown}


   Skills:
 + Level 1.3 Fighting
 + Level 1.3 Short Blades
 + Level 1.3 Long Blades
 + Level 1.3 Axes
 + Level 1.3 Maces & Flails
 + Level 1.3 Polearms
 + Level 1.3 Staves
 + Level 1.3 Slings
 + Level 1.3 Bows
 + Level 1.3 Crossbows
 + Level 1.3 Throwing
 + Level 1.3 Armour
 + Level 4.7 Dodging
 + Level 4.3 Stealth
 + Level 1.3 Shields
 + Level 1.3 Unarmed Combat
 + Level 5.1 Spellcasting
 + Level 1.1 Conjurations
 + Level 1.1 Hexes
 + Level 1.1 Summonings
 + Level 1.1 Necromancy
 + Level 1.1 Translocations
 + Level 2.3 Transmutations
 + Level 1.1 Fire Magic
 + Level 1.1 Ice Magic
 + Level 1.1 Air Magic
 + Level 5.5 Earth Magic
 + Level 1.1 Poison Magic
 + Level 1.5 Invocations
 + Level 1.3 Evocations


You had 11 spell levels left.
You knew the following spells:

 Your Spells              Type           Power        Failure   Level
a - Sandblast             Erth           50%          1%          1
b - Passwall              Tmut/Erth      15%          3%          2

Your spell library contained the following spells:

 Spells                   Type           Power        Failure   Level
 Stone Arrow              Conj/Erth      34%          10%         3
 Petrify                  Tmut/Erth      19%          24%         4
 Lee's Rapid Deconstruct  Erth           12%          34%         5


Dungeon Overview and Level Annotations

Branches:
Dungeon (2/15)

Altars:
Fedhas

Annotations:
D:3 Grinder


Innate Abilities, Weirdness & Mutations

Your experience applies equally to all skills.
You have very sharp teeth.
Your uncanny sense of smell can sniff out nearby items.


Message History

Okay, then.
Unknown command.
Sorry, you're not good enough to have a special ability.
This spell is dangerous to cast!
Memorise Stone Arrow, consuming 3 spell levels and leaving 8?
You start memorising the spell.
You continue memorising.
The bat misses you. Grinder gestures at you.
Your memorisation is interrupted.
Pain shoots through your body!
* * * LOW HITPOINT WARNING * * *
The bat misses you.
You see here a scroll of identify.
Casting: Passwall (safe; 3% risk of failure)
Confirm with . or Enter, or press ? or * to list all spells.
Aiming: Passwall (safe; 3% risk of failure)
Press: ? - help, Dir - move target A rock wall.
This rock feels extremely deep.
The bat hits you but does no damage. Grinder hits you!
You die...

#.........∆
#........# #........+
....##........#
....##........#
.....#........#
.....#........#
.....#........#######
.....#####.....b@<.(#
....)#####......5...#
.5..................#
##########.........>#
#..........#
#..........#
#..........#
#..........#
############


You could see Grinder and a bat (inner flame).

Vanquished Creatures
  An orc wizard (D:3)
  3 adders (D:2)
  An ooze (D:2)
  2 dart slugs (D:1)
  A leopard gecko (D:1)
  2 orcs (D:3)
  4 giant cockroaches
  12 goblins
  4 hobgoblins (D:1)
  6 jackals (D:1)
  9 kobolds
  A ball python (D:2)
  5 bats
  5 frilled lizards
  2 rats
58 creatures vanquished.

Notes
Turn   | Place    | Note
-------+----------+-------------------------------------------
     0 | D:1      | ohmysez the Gnoll Earth Elementalist began the quest for
                  | the Orb.
     0 | D:1      | Reached XP level 1. HP: 13/13 MP: 6/6
    67 | D:1      | Reached XP level 2. HP: 14/19 MP: 1/7
   406 | D:1      | Reached XP level 3. HP: 21/25 MP: 5/9
   407 | D:1      | Reached skill level 5 in Spellcasting
   782 | D:1      | Reached skill level 1 in Invocations
   949 | D:1      | You fall into a shaft and drop 1 floor!
  1077 | D:2      | Reached skill level 1 in Fighting
  1077 | D:2      | Reached skill level 1 in Short Blades
  1077 | D:2      | Reached skill level 1 in Long Blades
  1077 | D:2      | Reached skill level 1 in Axes
  1077 | D:2      | Reached skill level 1 in Maces & Flails
  1077 | D:2      | Reached skill level 1 in Polearms
  1077 | D:2      | Reached skill level 1 in Staves
  1077 | D:2      | Reached skill level 1 in Slings
  1077 | D:2      | Reached skill level 1 in Bows
  1077 | D:2      | Reached skill level 1 in Crossbows
  1077 | D:2      | Reached skill level 1 in Throwing
  1077 | D:2      | Reached skill level 1 in Armour
  1077 | D:2      | Reached skill level 1 in Shields
  1077 | D:2      | Reached skill level 1 in Unarmed Combat
  1077 | D:2      | Reached skill level 1 in Evocations
  1218 | D:2      | Reached XP level 4. HP: 32/32 MP: 9/11
  1389 | D:2      | Found a blossoming altar of Fedhas.
  1580 | D:2      | Reached skill level 1 in Conjurations
  1580 | D:2      | Reached skill level 1 in Hexes
  1580 | D:2      | Reached skill level 1 in Summonings
  1580 | D:2      | Reached skill level 1 in Necromancy
  1580 | D:2      | Reached skill level 1 in Translocations
  1580 | D:2      | Reached skill level 1 in Fire Magic
  1580 | D:2      | Reached skill level 1 in Ice Magic
  1580 | D:2      | Reached skill level 1 in Air Magic
  1580 | D:2      | Reached skill level 1 in Poison Magic
  1729 | D:2      | You fall into a shaft and drop 1 floor!
  1738 | D:3      | Reached XP level 5. HP: 37/37 MP: 8/12
  1741 | D:3      | Noticed Grinder
  1742 | D:3      | Paralysed by Grinder for 2 turns
  1748 | D:3      | Learned a level 2 spell: Passwall
  1787 | D:3      | Slain by Grinder

Illustrated notes

Levels and vault maps discovered:
D:1:      onia_arrival_mini_spirals, layout_basic
D:2:      layout_basic, lemuel_crystal_altar
D:3:      layout_basic, uniq_grinder

Skill      XL: |  1  2  3  4 |
---------------+-------------+-----
Transmutations | 2 |  2.3
Spellcasting   | 5 |  5.1
Invocations    | 1 |  1.5
Fighting       | 1 |  1.3
Short Blades   | 1 |  1.3
Long Blades    | 1 |  1.3
Axes           | 1 |  1.3
Maces & Flails | 1 |  1.3
Polearms       | 1 |  1.3
Staves         | 1 |  1.3
Slings         | 1 |  1.3
Bows           | 1 |  1.3
Crossbows      | 1 |  1.3
Throwing       | 1 |  1.3
Armour         | 1 |  1.3
Shields        | 1 |  1.3
Unarmed Combat | 1 |  1.3
Evocations     | 1 |  1.3
Conjurations   | 1 |  1.1
Hexes          | 1 |  1.1
Summonings     | 1 |  1.1
Necromancy     | 1 |  1.1
Translocations | 1 |  1.1
Fire Magic     | 1 |  1.1
Ice Magic      | 1 |  1.1
Air Magic      | 1 |  1.1
Poison Magic   | 1 |  1.1
Dodging        | |  4.7
Stealth        | |  4.3
Earth Magic    | |  5.5

Action                   |  1- 3 |  4- 6 || total
-------------------------+-------+-------++-------
Melee: Unarmed           |     2 |       ||     2
       Club              |    17 |       ||    17
       Bite              |     1 |       ||     1
 Cast: Sandblast         |    52 |    21 ||    73
       Passwall          |       |     2 ||     2
  Use: Scroll            |     1 |     3 ||     4
Armor: Robe              |     5 |     4 ||     9
Dodge: Dodged            |    48 |    23 ||    71
